AoeStats
← smelly the great

Nomad

510306084Analyzed
2v2 RM · 2d ago on Sep 30, 2026· 47m 48s· 4 players
Game mode
Random Map
Map size
176×176
Population
200
Speed
Normal
Resources
Standard
Victory
Conquest
Starting age
Dark Age
Ending age
Imperial Age
RankedLock teamsTeams togetherTeam positionsShared explorationLock speedFull tech treeHidden civsTurbo modeCheats
Victory
Defeat
🇺🇸 Varangians · United States
1065
+15
🇺🇸 Tatars · United States
1041
+16
🇹🇷 Vikings · Türkiye
1048
-15
🇹🇷 Spanish · Türkiye
1046
-16
(DB) Eydur
11:13 Loom
18:15 Feudal Age
20:40 Gold Mining
23:46 Castle Age
(DB) Ezdur
6:00 Loom
9:04 Loom
9:58 Loom
14:53 Feudal Age
15:33 Double-Bit Axe
18:00 Horse Collar
21:00 Castle Age
19:46 Man-at-Arms
21:26 Pikeman
22:46 Squires
23:45 Scale Mail Armor
34:48 Town Watch
37:38 Long Swordsman
38:46 Bow Saw
42:09 Imperial Age
39:54 Scale Barding Armor
40:07 Chain Mail Armor
40:02 Elite Skirmisher
40:54 Padded Archer Armor
40:45 Fletching
46:14 Leather Archer Armor
nate the great
6:24 Loom
14:25 Feudal Age
15:00 Double-Bit Axe
16:47 Town Watch
16:43 Horse Collar
17:59 Bloodlines
18:01 Forging
19:20 Wheelbarrow
23:36 Castle Age
23:30 Scale Barding Armor
23:33 Fletching
24:54 Gold Mining
25:49 Hand Cart
27:10 Ballistics
27:28 Husbandry
29:48 Horse Collar
31:45 Gold Shaft Mining
31:22 Bow Saw
34:37 Bodkin Arrow
36:16 Heavy Plow
37:00 Masonry
39:28 Chain Barding Armor
41:40 Silk Armor
44:47 Imperial Age
42:30 Stone Mining
45:48 Timurid Siegecraft
45:07 Heavy Cavalry Archer
47:32 Plate Barding Armor
smelly the great
5:00 Loom
14:17 Feudal Age
18:37 Bloodlines
21:46 Castle Age
20:23 Scale Barding Armor
21:18 Forging
21:44 Double-Bit Axe
22:35 Light Cavalry
22:57 Horse Collar
25:21 Wheelbarrow
30:47 Heavy Plow
31:45 Chain Barding Armor
32:26 Iron Casting
38:50 Imperial Age
37:08 Husbandry
40:47 Blast Furnace
41:02 Hussar
44:16 Plate Barding Armor
43:57 Town Watch
47:52 Fletching
Connection lost

Rejoining the realm…

Still unreachable

The connection could not be restored.

Session expired

The server has moved on; the page needs a fresh start.